 Dungeon Crawl Stone Soup version 0.19-a0-1827-g174f941 (console) character file.

274 brucemayne the Cleaver (level 6, -2/51 HPs)
             Began as a Hill Orc Monk on Oct 7, 2016.
             Slain by a mummy (16 damage)
             ... in an ossuary.
             The game lasted 00:05:29 (1711 turns).

brucemayne the Cleaver (Hill Orc Monk)              Turns: 1711, Time: 00:05:29

Health: -2/51      AC:  8    Str: 21    XL:     6   Next: 24%
Magic:  6/6        EV:  8    Int: 10    God:
Gold:   118        SH:  0    Dex: 13    Spells: 0 memorised, 5 levels left

rFire  . . .     SeeInvis .     a - +0 hand axe
rCold  . . .     Gourm    .     d - +0 chain mail
rNeg   . . .     Faith    .     (no shield)
rPois  .         Spirit   .     (no helmet)
rElec  .         Dismiss  .     (no cloak)
rCorr  .         Reflect  .     (no gloves)
MR     .....     Harm     .     (no boots)
Stlth  ..........               (no amulet)
                                (no ring)
                                (no ring)

@: mighty
A: no striking features
a: no special abilities


You were in an ossuary.
You were very hungry.

You visited 1 branch of the dungeon, and saw 5 of its levels.
You also visited: Ossuary.

You collected 118 gold pieces.

Inventory:

Hand Weapons
 a - a +0 hand axe (weapon)
 l - a +0 blowgun
Missiles
 m - 22 poisoned needles
Armour
 b - a +0 robe
 d - a +0 chain mail (worn)
 g - a +0 scale mail
Scrolls
 f - a scroll of random uselessness {unknown}
 k - a scroll of identify
 n - 2 scrolls of remove curse {unknown}
Books
 h - a book of Minor Magic

   Spells                             Type                      Level
   a - Magic Dart                     Conjuration                  1
   b - Blink                          Translocation                2
   c - Call Imp                       Summoning                    2
   d - Repel Missiles                 Charms/Air                   2
   e - Slow                           Hexes                        2
   f - Conjure Flame                  Conjuration/Fire             3
   g - Mephitic Cloud                 Conjuration/Poison/Air       3
Comestibles
 c - 2 bread rations
 q - a meat ration


   Skills:
 - Level 3.6 Fighting
 + Level 9.0 Axes
 - Level 2.4 Dodging
 - Level 1.5 Stealth


You had 5 spell levels left.
You didn't know any spells.

Dungeon Overview and Level Annotations

Branches:
Dungeon (5/15)
 Temple: D:4-7

Altars:
Kikubaaqudgha
Ru


Message History

You destroy the hobgoblin zombie!
You slice the mummy!!
The mummy is almost destroyed.
The mummy hits you but does no damage.
You slash the mummy!
You destroy the mummy!
A mummy comes into view.
You hit the mummy.
The mummy is moderately damaged.
The mummy hits you!
* * * LOW HITPOINT WARNING * * *
You slash the mummy!
The mummy is almost destroyed.
You slash the mummy!
You destroy the mummy!
Your Axes skill increases to level 9!
A mummy comes into view.
A mummy comes into view.
The mummy hits you!
You die...

###############
..M...M@......##
.....####......##
... ##..##......#
...##....##.....#
...............#
..............##
.............##
#........##+#
#......##


You could see 2 mummies.

Vanquished Creatures
  Jessica (D:2)
  3 orc wizards
  A big kobold zombie (Ossuary)
  6 mummies (Ossuary)
  2 adders (D:3)
  An ooze (D:3)
  2 dart slugs
  5 leopard geckos
  5 orcs
  3 giant cockroaches
  A gnoll zombie (Ossuary)
  3 goblins
  A hobgoblin (D:2)
  6 jackals (D:2)
  A quokka (D:2)
  4 bats
  2 frilled lizards
  4 hobgoblin zombies
  5 kobolds
  A kobold zombie (Ossuary)
  2 orc zombies (Ossuary)
  2 rats
61 creatures vanquished.

Notes
Turn   | Place    | Note
-------+----------+-------------------------------------------
     0 | D:1      | brucemayne the Hill Orc Monk began the quest for the Orb.
     0 | D:1      | Reached XP level 1. HP: 19/19 MP: 1/1
   164 | D:2      | Reached XP level 2. HP: 12/26 MP: 2/2
   386 | D:2      | Reached skill level 5 in Axes
   558 | D:2      | Reached XP level 3. HP: 21/31 MP: 3/3
   687 | D:3      | Found a sacrificial altar of Ru.
   700 | D:3      | Reached skill level 6 in Axes
   777 | D:3      | Reached XP level 4. HP: 11/39 MP: 4/4
  1084 | D:2      | Noticed Jessica
  1129 | D:2      | Killed Jessica
  1224 | D:3      | Reached skill level 7 in Axes
  1237 | D:3      | Reached XP level 5. HP: 30/45 MP: 5/5
  1323 | D:4      | Found an ancient bone altar of Kikubaaqudgha.
  1375 | D:4      | Reached skill level 8 in Axes
  1447 | D:5      | Entered Level 5 of the Dungeon
  1549 | D:4      | Found a sand-covered staircase.
  1582 | Ossuary  | Entered an ossuary
  1685 | Ossuary  | Reached XP level 6. HP: 17/51 MP: 6/6
  1707 | Ossuary  | Reached skill level 9 in Axes
  1711 | Ossuary  | Slain by a mummy

Vault maps used:
D:1:      elethiomel_arrival_maze, serial_glass, glass_columns_a,
          glass_columns_a, glass_columns_c, glass_columns_c, glass_columns_a,
          glass_columns_c
D:2:      first_bread, uniq_jessica
D:3:      nicolae_ru_awakened_eye
D:4:      lemuel_upstairs_altar, kiku_gazebo_garden_becter, minitemple,
          nicolae_ossuary_entry_giza
D:5:      nicolae_dithmenos_through_a_glass_darkly, uniq_eustachio
Ossuary:  ossuary_tomb_3

Skill      XL: |  1  2  3  4  5  6 |
---------------+-------------------+-----
Axes           | 5 6 7 8 9 |  9.0
Fighting       | |  3.6
Dodging        | |  2.4
Stealth        | |  1.5

Action                   |  1- 3 |  4- 6 || total
-------------------------+-------+-------++-------
Melee: Hand axe          |   131 |   158 ||   289
  Use: Potion            |       |     5 ||     5
       Scroll            |       |     2 ||     2
  Eat: Chunk             |       |     2 ||     2
Armor: Scale mail        |    55 |    24 ||    79
       Robe              |     1 |       ||     1
       Skin              |       |     7 ||     7
       Chain mail        |       |    42 ||    42
Dodge: Dodged            |    78 |    42 ||   120
